 Dungeon Crawl Stone Soup version 0.31-a0-700-gf13585253f (webtiles) character file.

Game seed: 1749407570563157762

137 qw the Shooter (level 5, -13/32 HPs)
             Began as a Gargoyle Hunter on Sept 7, 2023.
             Killed by divine providence
             ... invoked by an orc priest
              (15 damage)
             ... on level 3 of the Dungeon.
             The game lasted 00:00:44 (1545 turns).

qw the Shooter (Gargoyle Hunter)                    Turns: 1545, Time: 00:00:44

Health: -13/32     AC:  9    Str: 15    XL:     5   Next: 20%
Magic:  5/5        EV: 11    Int:  9    God:
Gold:   185        SH:  0    Dex: 15    Spells: 4/4 levels left

rFire   . . .        Y - +0 shortbow
rCold   . . .        (shield currently unavailable)
rNeg    + . .        c - +0 leather armour
rPois   inf          b - +0 helmet
rElec   +            a - +0 cloak
rCorr   .            (no gloves)
SInv    .            (no boots)
Will    .....        (no amulet)
Stlth   ++           (no ring)
HPRegen 0.25/turn    (no ring)
MPRegen 0.09/turn

%: no passive effects
@: no status effects
A: sickness immunity, AC +4, negative energy resistance 1, electricity
resistance, torment resistance 1, petrification resistance
a: no special abilities


You were on level 3 of the Dungeon.
You visited 1 branch of the dungeon, and saw 3 of its levels.

You collected 185 gold pieces.


Innate Abilities, Weirdness & Mutations

You are immune to sickness and miasma.
Your stone body is resilient. (AC +4)
You are immune to poison.
You resist negative energy. (rN+)
You are resistant to electric shocks. (rElec)
You are resistant to unholy torment.
You are immune to petrification.


   Skills:
 - Level 3.4 Fighting
 + Level 5.7 Ranged Weapons
 - Level 1.0 Armour
 - Level 1.5 Dodging
 - Level 1.1 Stealth


You had 4 spell levels left.
You didn't know any spells.
Your spell library was empty.

Inventory:

Hand Weapons
 Y - a +0 shortbow (weapon)
Armour
 a - a +0 cloak (worn)
 b - a +0 helmet (worn)
 c - a +0 leather armour (worn)
 d - a +0 ring mail
Jewellery
 g - a ring of ice
Scrolls
 f - 2 scrolls of identify
Potions
 e - a potion of might

Dungeon Overview and Level Annotations

Branches:
Dungeon (3/15)

Altars:

Shops:
D:1 :=

Annotations:
D:2 Natasha


Message History

The jackal barely misses you. The kobold completely misses you.
The kobold hits you but does no damage.
The orc priest hits you from afar with a +0 trident.
You shoot an arrow. The arrow closely misses the kobold.
The goblin shouts!
You hear a shout!
The jackal barely misses you. The kobold hits you but does no damage.
The kobold hits you with a +0 whip. Something hits you but does no damage.
The orc priest closely misses you. The jackal completely misses you.
You shoot an arrow. The arrow hits the kobold.
The kobold is moderately wounded.
The jackal barely misses you.
The kobold hits you but does no damage. x2
Something hits you but does no damage.
The orc priest hits you from afar with a +0 trident.
The orc barely misses you.
You shoot an arrow. The arrow hits the kobold.
You kill the kobold!
Your surroundings seem slightly different.
A kobold comes into view. It is wielding a +0 dagger.
You shoot an arrow. The arrow hits the orc!
You kill the orc!
The orc priest miscasts a cantrip.
You shoot an arrow. The arrow hits the jackal.
The jackal is severely wounded.
You shoot an arrow. The arrow hits the jackal.
You kill the jackal!
The bat hits you. The bat closely misses you.
The kobold throws a stone.
The stone misses you.
The kobold throws a poisoned dart.
The poisoned dart hits you.
You shoot an arrow. The arrow barely misses the bat.
The bat closely misses you. The bat hits you but does no damage.
You shoot an arrow. The arrow misses the kobold.
The bat barely misses you. The kobold closely misses you.
The orc priest looks satisfied for a moment.
The kobold throws a stone.
The stone hits you but does no damage.
You shoot an arrow. The arrow barely misses the kobold.
The bat closely misses you. The kobold hits you but does no damage.
The orc priest mumbles some strange prayers to Beogh against you.
Beogh smites you!
You die...

##.........#
###..........#
#..[...%.%...#
##.. #..%.....#
....##..).....#
.......g.........
.#..?..o#########
#....{K.#
#......@#
#.....b...K....
##....?........
#.....########
#...... #......
#...... ##.....


You could see an orc priest, a goblin, a bat and 2 kobolds.

Vanquished Creatures
  Natasha (twice) (D:2)
  A shadow imp (D:3)
  2 worms (D:2)
  A dart slug (D:1)
  3 orcs (D:3)
  6 endoplasms
  A giant cockroach (D:2)
  8 goblins
  6 hobgoblins
  7 jackals
  6 kobolds
  A quokka (D:2)
  5 ball pythons
  5 bats
  6 frilled lizards
  6 rats
66 creatures vanquished.

Notes
Turn   | Place    | Note
-------+----------+-------------------------------------------
     0 | D:1      | qw the Gargoyle Hunter began the quest for the Orb.
     0 | D:1      | Reached XP level 1. HP: 12/12 MP: 1/1
     0 | D:1      | 0 ||| qw: Version: 0.3-a-76-g4403597
     0 | D:1      | 0 ||| qw: Game counter: 735
     0 | D:1      | 0 ||| qw: Melee chars always use a shield: true
     0 | D:1      | 0 ||| qw: God list: Okawaru
     0 | D:1      | 0 ||| qw: Allow faded altars: false
     0 | D:1      | 0 ||| qw: Do Orc after clearing Dungeon:15 true
     0 | D:1      | 0 ||| qw: Do second Lair branch before Depths: true
     0 | D:1      | 0 ||| qw: Lair rune preference: random
     0 | D:1      | 0 ||| qw: Goals: Normal
     0 | D:1      | 0 ||| PLANNING D:1-11
   125 | D:1      | Found a faded altar of an unknown god.
   133 | D:1      | Reached XP level 2. HP: 17/17 MP: 2/2
   494 | D:1      | Found Qaot's Book Shop.
   502 | D:1      | Reached XP level 3. HP: 21/21 MP: 3/3
   527 | D:1      | Found Riew's Jewellery Shop.
   531 | D:1      | Reached skill level 5 in Ranged Weapons
   533 | D:1      | 533 ||| SHOPLISTING +6 ring of dexterity (360 gold, have
                  | 96).
   533 | D:1      | 533 ||| SHOPLISTING +6 ring of strength (360 gold, have
                  | 96).
   533 | D:1      | 533 ||| SHOPLISTING amulet of reflection (300 gold, have
                  | 96).
   533 | D:1      | 533 ||| SHOPLISTING ring of resist corrosion (200 gold,
                  | have 96).
   673 | D:1      | 673 ||| READING scroll labelled WENIOVISMO.
   676 | D:1      | 676 ||| READING 2 scrolls labelled GUNWIU VELYQ.
   677 | D:1      | 677 ||| READING scroll labelled PIUNTU MOIM.
   678 | D:1      | 678 ||| READING scroll labelled OLUTAJ AJUE.
   679 | D:1      | 679 ||| DROPPING scroll of butterflies.
   872 | D:2      | Noticed Natasha
   878 | D:2      | Killed Natasha
   879 | D:2      | Reached skill level 3 in Fighting
   879 | D:2      | Reached XP level 4. HP: 17/28 MP: 4/4
  1107 | D:2      | Noticed Natasha
  1111 | D:2      | Killed Natasha
  1308 | D:2      | Noticed Natasha
  1384 | D:2      | 1384 ||| UPGRADING to +0 cloak.
  1389 | D:2      | 1389 ||| UPGRADING to +0 helmet.
  1394 | D:2      | 1394 ||| READING scroll labelled MAATOM FUTEEKH.
  1395 | D:2      | 1395 ||| READING scroll labelled RUNUMM ZUOZXOL.
  1396 | D:2      | 1396 ||| READING 2 scrolls labelled OLEROF WOEHO.
  1397 | D:2      | 1397 ||| READING scroll labelled NABYTA IS SIA.
  1398 | D:2      | 1398 ||| READING 4 scrolls of identify.
  1398 | D:2      | 1398 ||| IDENTIFYING fizzy dark potion
  1399 | D:2      | 1399 ||| READING 3 scrolls of identify.
  1399 | D:2      | 1399 ||| IDENTIFYING fuming puce potion
  1400 | D:2      | 1400 ||| DROPPING scroll of noise.
  1401 | D:2      | 1401 ||| DROPPING potion of magic.
  1457 | D:3      | Reached XP level 5. HP: 32/32 MP: 5/5
  1473 | D:3      | Reached skill level 1 in Armour
  1535 | D:3      | HP: 5/32 [orc priest/+0 trident (5)]
  1536 | D:3      | 1536 ||| READING scroll of teleportation.
  1537 | D:3      | HP: 2/32 [kobold/+0 whip (3)]
  1542 | D:3      | HP: 1/32 [bat (1)]
  1545 | D:3      | Killed from afar by an orc priest

Levels and vault maps discovered:
D:1:      co_arrival_square_in_a_square_in_a_square, layout_loops_ring,
          ebering_ecumenical_altar_petrified, serial_shops,
          nicolae_shop_advertising_works [nicolae_subvault_shop_adworks],
          nicolae_shop_tiny_real_fake_doors, minmay_pentomino_o4
D:2:      layout_loops_ring, uniq_natasha
D:3:      layout_rooms

Skill      XL: |  1  2  3  4  5 |
---------------+----------------+-----
Ranged Weapons | 5 |  5.7
Fighting       | 3 |  3.4
Armour         | 1 |  1.0
Dodging        | |  1.5
Stealth        | |  1.1

Action                     |  1- 3 |  4- 6 || total
---------------------------+-------+-------++-------
   Fire: Shortbow          |    86 |    91 ||   177
    Use: Scroll            |     4 |     7 ||    11
 Armour: Leather armour    |    14 |    41 ||    55
  Dodge: Dodged            |    13 |    50 ||    63

Table legend:
 A = Non-vault XP
 B = Vault XP
 C = Vault XP percentage of total XP
 D = Non-vault monster count
 E = Vault monster count
 F = Vault count percentage of total count
                 A         B        C        D         E       F
            +---------+---------+-------+---------+---------+-------
      Total |     155 |      42 |  21.3 |      61 |       5 |   7.6
            +---------+---------+-------+---------+---------+-------
        D:1 |      32 |       7 |  17.9 |      18 |       4 |  18.2
        D:2 |      88 |      35 |  28.5 |      30 |       1 |   3.2
        D:3 |      35 |       0 |   0.0 |      13 |       0 |   0.0
            +---------+---------+-------+---------+---------+-------
